 Dungeon Crawl Stone Soup version 0.18-a0-1180-g64ccc1e (webtiles) character file.

112 Chiseanne the Skirmisher (level 4, 0/41 HPs)
             Began as a Centaur Air Elementalist on Jan 27, 2016.
             Was an Initiate of Gozag.
             Slain by Natasha (8 damage)
             ... on level 3 of the Dungeon.
             The game lasted 00:04:02 (2584 turns).

Chiseanne the Skirmisher (Centaur Air Elementalist) Turns: 2584, Time: 00:04:02

Health: 0/41       AC:  5    Str: 11    XL:     4   Next: 64%
Magic:  6/6        EV:  9    Int: 18    God:    Gozag
Gold:   114        SH:  0    Dex:  9    Spells: 1 memorised, 5 levels left

rFire  . . .     SeeInvis .     a - +2 hand axe (chop)
rCold  . . .     Gourm    .     f - +0 robe
rNeg   . . .     Faith    .     (no shield)
rPois  .         Spirit   .     l - +0 helmet {Int+3}
rElec  .         Dismiss  .     (no cloak)
rCorr  .         Reflect  .     (no gloves)
SustAt .         Harm     .     (no barding)
MR     .....                    (no amulet)
Stlth  ..........               (no ring)
                                (no ring)

@: confused, heavily drained, very quick, not resistant to hostile enchantments,
extremely unstealthy
A: hooves 3, deformed body, speed 2, tough skin 3
a: Potion Petition, Call Merchant, Bribe Branch, Renounce Religion


You were on level 3 of the Dungeon.
You worshipped Gozag.
Gozag was noncommittal.
You were not hungry.

You visited 1 branch of the dungeon, and saw 3 of its levels.

You collected 157 gold pieces.
You paid 43 gold pieces to Gozag.

Inventory:

Hand Weapons
 a - a +2 hand axe of chopping (weapon)
Missiles
 g - 30 arrows
 i - 24 bolts
Armour
 f - a +0 robe (worn)
 l - a +0 helmet of intelligence (worn)
Scrolls
 e - 2 scrolls of identify
 h - a scroll of fog
Potions
 d - a potion of curing
Books
 b - a book of Air

   Spells                             Type                      Level
   a - Shock                          Conjuration/Air              1
   b - Swiftness                      Charms/Air                   2
   c - Repel Missiles                 Charms/Air                   2
   d - Static Discharge               Conjuration/Air              3
   e - Lightning Bolt                 Conjuration/Air              5
Comestibles
 c - 3 bread rations
 j - a meat ration


   Skills:
 + Level 4.3(2.0) Fighting
 - Level 1.3(0.0) Dodging
 - Level 1.2(0.0) Stealth
 - Level 1.5(0.0) Spellcasting
 - Level 0.8(0.0) Conjurations
 - Level 2.6(0.4) Air Magic


You had 5 spell levels left.
You knew the following spells:

 Your Spells              Type           Power        Failure   Level  Hunger
a - Shock                 Conj/Air       #...         21%         1    ##.....


Dungeon Overview and Level Annotations

Branches:
Dungeon (3/15)

Altars:
Gozag

Annotations:
D:3 Borgoz's ghost, amateur GrFi; Natasha


Innate Abilities, Weirdness & Mutations

You have hooves in place of feet.
Armour fits poorly on your strangely shaped body.
You cover ground very quickly.
You have extremely tough skin (AC +3).


Message History

The magic dart hits you!
You hit Natasha.
Natasha is heavily wounded.
Natasha claws you.
* * * LOW HITPOINT WARNING * * *
Natasha casts a spell at you. The magic dart hits you!
* * * LOW HITPOINT WARNING * * *
You barely miss Natasha. Your kick misses Natasha.
Natasha is heavily wounded.
Natasha zaps a wand.
You are confused.
It is a wand of confusion {zapped: 1}.
You closely miss Natasha. You kick Natasha, but do no damage.
Natasha is heavily wounded.
Natasha howls an incantation.
You feel troubled. Natasha claws you!
You die...
Your body crumbles into a pile of gold.

##'## #....... ##...##
#....... ##.....## #.####)#
# $ ##)......## #.#.##.#
#...####.........###......#
.......$.........'.).....##
#...####.........###....###
# ##.......## #.#..# #
##@....## #....... ##h..##
##.##### ##'## #.# #.# #.#
#.# #.# #.# ... ... ...


You could see Natasha.

Vanquished Creatures
  Natasha (D:3)
  2 adders
  2 oozes
  2 worms
  A giant gecko (D:2)
  An orc (D:3)
  3 giant cockroaches
  7 goblins
  A hobgoblin (D:1)
  4 jackals (D:1)
  7 kobolds
  2 ball pythons
  13 bats
  2 giant newts
  5 rats
53 creatures vanquished.

Notes
Turn   | Place    | Note
--------------------------------------------------------------
     0 | D:1      | Chiseanne the Centaur Air Elementalist began the quest for the Orb.
     0 | D:1      | Reached XP level 1. HP: 14/14 MP: 3/3
   408 | D:1      | Reached skill level 1 in Fighting
   498 | D:1      | Reached XP level 2. HP: 17/23 MP: 4/4
  1025 | D:1      | Reached XP level 3. HP: 28/30 MP: 5/5
  1416 | D:2      | Reached skill level 3 in Fighting
  1802 | D:3      | Reached XP level 4. HP: 30/39 MP: 6/6
  2104 | D:3      | Noticed Borgoz's ghost (amateur GrFi)
  2502 | D:3      | Found an opulent altar of Gozag.
  2509 | D:3      | Became a worshipper of Gozag Ym Sagoz the Greedy
  2541 | D:3      | Reached skill level 4 in Fighting
  2567 | D:3      | Noticed Natasha
  2572 | D:3      | Killed Natasha
  2577 | D:3      | Noticed Natasha
  2584 | D:3      | Slain by Natasha

Vault maps used:
D:1:      dpeg_arrival_erosion
D:2:      first_bread, minmay_misc_feat_rows
D:3:      grunt_gozag_statues, uniq_natasha

Action                   |  1- 3 |  4- 6 || total
-------------------------+-------+-------++-------
Melee: Hand axe          |    95 |    45 ||   140
       Unarmed           |     4 |       ||     4
       Club              |     2 |       ||     2
 Cast: Shock             |     7 |    13 ||    20
  Use: Scroll            |     5 |       ||     5
  Eat: Chunk             |     2 |     3 ||     5
